EL
JACKSON GENERALS @ MONTGOMERY BISCUITS
06/28/2049
 
TOP OF THE 1ST
Jackson Generals batting - Pitching for Montgomery Biscuits : RHP Jeremy Price
Pitching: RHP Jeremy Price
Batting: RHB Enrique Valdez 0-0: Ground out 6-3 (Groundball, 6, EV 96.9 MPH)
Batting: LHB Chris Jackson 0-0: Called Strike
0-1: Foul Ball, location: 2F
0-2: Foul Ball, location: 2F
0-2: Ball
1-2: DOUBLE (Flyball, 89D, EV 91.9 MPH)
Batting: LHB Addisu Nyamekye 0-0: Ball
1-0: Called Strike
1-1: Called Strike
1-2: Foul Ball, location: 2F
1-2: Strikes out swinging
Batting: RHB Kinzo Yokoyama 0-0: Called Strike
0-1: Foul Ball, location: 2F
0-2: Ball
1-2: Hit by Pitch
Batting: LHB Jason Kinney 0-0: Called Strike
0-1: Ground out U3 (Groundball, 34S, EV 88.1 MPH)
Top of the 1st over - 0 runs, 1 hit, 0 errors, 2 left on base; Jackson 0 - Montgomery 0
BOTTOM OF THE 1ST
Montgomery Biscuits batting - Pitching for Jackson Generals : RHP Chris Julien
Pitching: RHP Chris Julien
Batting: RHB Adam Turpin 0-0: Ball
1-0: Called Strike
1-1: Fly out, F7 (Line Drive, 7, EV 89.4 MPH)
Batting: LHB Mario Ocana 0-0: Called Strike
0-1: Ground out 6-3 (Groundball, 6, EV 95.6 MPH)
Batting: SHB Wayne Hattan 0-0: Swinging Strike
0-1: Ball
1-1: SINGLE (Groundball, 4MD, EV 94.4 MPH)
Batting: RHB Freddy Mullen 0-0: Called Strike
0-1: Ball
1-1: Ball
2-1: SINGLE (Line Drive, 6M, EV 97.5 MPH)
Wayne Hattan to second
Runner from 2nd tries for 3rd, SAFE, no throw by CF
Batting: RHB Jason Penfield 0-0: Ball
1-0: Fielders Choice at 2nd, 6-4 (Groundball, 6, EV 104.4 MPH)
Bottom of the 1st over - 0 runs, 2 hits, 0 errors, 2 left on base; Jackson 0 - Montgomery 0
TOP OF THE 2ND
Jackson Generals batting - Pitching for Montgomery Biscuits : RHP Jeremy Price
Batting: RHB Jose Zuniga 0-0: Ball
1-0: Ball
2-0: Ground out 6-3 (Groundball, 6M, EV 79.4 MPH)
Batting: RHB Jeff Cox 0-0: Ball
1-0: Ball
2-0: Foul Ball, location: 2F
2-1: Foul Ball, location: 2F
2-2: Fly out, F9 (Flyball, 9, EV 96.9 MPH)
Batting: RHB Chris Van Niel 0-0: Foul Ball, location: 2F
0-1: Foul Ball, location: 2F
0-2: Foul Ball, location: 2F
0-2: SINGLE (Flyball, 6MD, EV 96.2 MPH)
Batting: RHB Jesus Santiago 0-0: Ball
1-0: Swinging Strike
1-1: Called Strike
1-2: Ball
2-2: Strikes out swinging
Top of the 2nd over - 0 runs, 1 hit, 0 errors, 1 left on base; Jackson 0 - Montgomery 0
BOTTOM OF THE 2ND
Montgomery Biscuits batting - Pitching for Jackson Generals : RHP Chris Julien
Batting: RHB Dan Marks 0-0: Called Strike
0-1: Foul Ball, location: 2F
0-2: Foul Ball, location: 2F
0-2: Ball
1-2: Ball
2-2: Ball
3-2: SINGLE (Groundball, 25, EV 67.5 MPH) (infield hit)
Batting: RHB Isaiah Easter 0-0: Fly out, F9 (Line Drive, 89S, EV 93.1 MPH)
Batting: RHB Khalil Walker 0-0: Called Strike
Dan Marks is caught stealing 2nd base 2-4
0-1: Foul Ball, location: 2F
0-2: SINGLE (Line Drive, 56, EV 95.6 MPH)
Batting: LHB Alex Genao 0-0: Ball
Khalil Walker steals 2nd, throwing error, E2
Khalil Walker to third
1-0: Foul Ball, location: 2F
1-1: Foul Ball, location: 2F
1-2: Ball
2-2: Ground out 4-3 (Groundball, 4, EV 105.6 MPH)
Bottom of the 2nd over - 0 runs, 2 hits, 1 error, 1 left on base; Jackson 0 - Montgomery 0
TOP OF THE 3RD
Jackson Generals batting - Pitching for Montgomery Biscuits : RHP Jeremy Price
Batting: RHB Enrique Valdez 0-0: Called Strike
0-1: Called Strike
0-2: Foul Ball, location: 2F
0-2: Ball
1-2: Ground out 6-3 (Groundball, 6S, EV 81.9 MPH)
Batting: LHB Chris Jackson 0-0: Ball
1-0: Ball
2-0: Ground out 5-3 (Groundball, 5, EV 99.4 MPH)
Batting: LHB Addisu Nyamekye 0-0: Ball
1-0: Ball
2-0: Called Strike
2-1: Called Strike
2-2: Ground out 5-3 (Groundball, 56, EV 77.5 MPH)
Top of the 3rd over - 0 runs, 0 hits, 0 errors, 0 left on base; Jackson 0 - Montgomery 0
BOTTOM OF THE 3RD
Montgomery Biscuits batting - Pitching for Jackson Generals : RHP Chris Julien
Batting: RHB Adam Turpin 0-0: TRIPLE (Flyball, 89XD, EV 93.1 MPH)
Batting: LHB Mario Ocana 0-0: Called Strike
0-1: Called Strike
0-2: Ball
1-2: Ball
2-2: Foul Ball, location: 2F
2-2: Foul Ball, location: 2F
2-2: Ball
3-2: Fly out, F8 (Flyball, 8LXD, EV 101.9 MPH)
Runner from 3rd tags up, SCORES, no throw by CF
Batting: SHB Wayne Hattan 0-0: Ball
1-0: Swinging Strike
1-1: Ground out 4-3 (Groundball, 4, EV 108.1 MPH)
Batting: RHB Freddy Mullen 0-0: Ball
1-0: Swinging Strike
1-1: Ball
2-1: Fly out, F9 (Flyball, 89D, EV 98.8 MPH)
Bottom of the 3rd over - 1 run, 1 hit, 0 errors, 0 left on base; Jackson 0 - Montgomery 1
TOP OF THE 4TH
Jackson Generals batting - Pitching for Montgomery Biscuits : RHP Jeremy Price
Batting: RHB Kinzo Yokoyama 0-0: Foul Ball, location: 2F
0-1: Foul Ball, location: 2F
0-2: SINGLE (Groundball, 6M, EV 83.1 MPH) (infield hit)
Batting: LHB Jason Kinney 0-0: Called Strike
0-1: Fly out, F7 (Flyball, 7D, EV 98.8 MPH)
Batting: RHB Jose Zuniga 0-0: Foul Ball, location: 2F
0-1: Ball
1-1: Called Strike
1-2: Strikes out swinging
Batting: RHB Jeff Cox 0-0: Ball
1-0: Ground out 4-3 (Groundball, 4, EV 100.0 MPH)
Top of the 4th over - 0 runs, 1 hit, 0 errors, 1 left on base; Jackson 0 - Montgomery 1
BOTTOM OF THE 4TH
Montgomery Biscuits batting - Pitching for Jackson Generals : RHP Chris Julien
Batting: RHB Jason Penfield 0-0: Called Strike
0-1: Ground out 5-3 (Groundball, 5, EV 88.8 MPH)
Batting: RHB Dan Marks 0-0: Ball
1-0: Ground out 5-3 (Groundball, 5, EV 101.2 MPH)
Batting: RHB Isaiah Easter 0-0: Called Strike
0-1: Swinging Strike
0-2: Ball
1-2: Foul Ball, location: 2F
1-2: Foul Ball, location: 2F
1-2: Foul Ball, location: 2F
1-2: Ball
2-2: Ball
3-2: Strikes out swinging
Bottom of the 4th over - 0 runs, 0 hits, 0 errors, 0 left on base; Jackson 0 - Montgomery 1
TOP OF THE 5TH
Jackson Generals batting - Pitching for Montgomery Biscuits : RHP Jeremy Price
Batting: RHB Chris Van Niel 0-0: Called Strike
0-1: Swinging Strike
0-2: Ball
1-2: Fly out, F8 (Flyball, 8RXD, EV 102.5 MPH)
Batting: RHB Jesus Santiago 0-0: Ball
1-0: Ball
2-0: Fly out, F7 (Line Drive, 7, EV 91.9 MPH)
Batting: RHB Enrique Valdez 0-0: Ball
1-0: Ball
2-0: Called Strike
2-1: Ball
3-1: Called Strike
3-2: SINGLE (Groundball, 56D, EV 103.1 MPH)
Batting: LHB Chris Jackson 0-0: Called Strike
0-1: Fly out, F7 (Flyball, 7, EV 86.9 MPH)
Top of the 5th over - 0 runs, 1 hit, 0 errors, 1 left on base; Jackson 0 - Montgomery 1
BOTTOM OF THE 5TH
Montgomery Biscuits batting - Pitching for Jackson Generals : RHP Chris Julien
Batting: RHB Khalil Walker 0-0: Ball
1-0: Ball
2-0: Called Strike
2-1: Ball
3-1: Base on Balls
Batting: LHB Alex Genao Pickoff Throw to First - Out! 1-3
0-0: Ball
1-0: Ball
2-0: Ball
3-0: Base on Balls
Batting: RHB Adam Turpin 0-0: Called Strike
0-1: Ball
1-1: Ball
Alex Genao steals 2nd base
2-1: Foul Ball, location: 2F
2-2: Foul Ball, location: 2F
2-2: Ball
3-2: Foul Ball, location: 2F
3-2: Base on Balls
Batting: LHB Mario Ocana 0-0: Called Strike
0-1: SINGLE (Groundball, 6D, EV 99.4 MPH)
Alex Genao to third
Adam Turpin to second
Runner from 3rd tries for Home, SAFE, throw by CF to home
Batting: SHB Wayne Hattan 0-0: Ball
1-0: Ball
2-0: Called Strike
2-1: Ball
3-1: Grounds into double play, 5-4-3 (Groundball, 5, EV 96.2 MPH)
Bottom of the 5th over - 1 run, 1 hit, 0 errors, 1 left on base; Jackson 0 - Montgomery 2
TOP OF THE 6TH
Jackson Generals batting - Pitching for Montgomery Biscuits : RHP Jeremy Price
Batting: LHB Addisu Nyamekye 0-0: Ball
1-0: SOLO HOME RUN (Flyball, 78XD, EV 108.8 MPH), Distance : 424 ft
Batting: RHB Kinzo Yokoyama 0-0: Swinging Strike
0-1: Fly out, F8 (Flyball, 8RM, EV 86.9 MPH)
Batting: LHB Jason Kinney 0-0: Ball
1-0: Ball
2-0: Called Strike
2-1: Foul Ball, location: 2F
2-2: Foul Ball, location: 2F
2-2: Ball
3-2: Ground out 4-3 (Groundball, 4D, EV 83.8 MPH)
Batting: RHB Jose Zuniga 0-0: Called Strike
0-1: Ball
1-1: Fly out, F3 (Popup, 3, EV 71.9 MPH)
Top of the 6th over - 1 run, 1 hit, 0 errors, 0 left on base; Jackson 1 - Montgomery 2
BOTTOM OF THE 6TH
Montgomery Biscuits batting - Pitching for Jackson Generals : RHP Chris Julien
Pitching: RHP Francisco Castillo
Batting: RHB Freddy Mullen 0-0: Ball
1-0: Called Strike
1-1: Fly out, F9 (Line Drive, 89M, EV 103.1 MPH)
Batting: RHB Jason Penfield 0-0: Foul Ball, location: 2F
0-1: Foul Ball, location: 2F
0-2: Foul Ball, location: 2F
0-2: Ball
1-2: Ball
2-2: Strikes out swinging
Batting: RHB Dan Marks 0-0: Swinging Strike
0-1: Ball
1-1: Foul Ball, location: 2F
1-2: Strikes out looking
Bottom of the 6th over - 0 runs, 0 hits, 0 errors, 0 left on base; Jackson 1 - Montgomery 2
TOP OF THE 7TH
Jackson Generals batting - Pitching for Montgomery Biscuits : RHP Jeremy Price
Batting: RHB Jeff Cox 0-0: Ball
1-0: Called Strike
1-1: Ball
2-1: Foul Ball, location: 2F
2-2: Strikes out looking and he ARGUES THE CALL AND IS TOSSED!
Batting: RHB Chris Van Niel 0-0: Foul Ball, location: 2F
0-1: Swinging Strike
0-2: Ball
1-2: Ball
2-2: Foul Ball, location: 2F
2-2: SINGLE (Groundball, 4D, EV 106.9 MPH)
Pitching: RHP Jaime Astacio
Batting: RHB Jesus Santiago 0-0: Called Strike
0-1: Fielders Choice at 2nd, 2-6 (Groundball, 2R, EV 68.8 MPH)
Batting: RHB Enrique Valdez 0-0: Ball
1-0: Ball
2-0: Fly out, F7 (Flyball, 7, EV 78.8 MPH)
Top of the 7th over - 0 runs, 1 hit, 0 errors, 1 left on base; Jackson 1 - Montgomery 2
BOTTOM OF THE 7TH
Montgomery Biscuits batting - Pitching for Jackson Generals : RHP Francisco Castillo
Now at C: Chris Olheiser
Batting: RHB Isaiah Easter 0-0: Ball
1-0: Called Strike
1-1: SINGLE (Groundball, 6MD, EV 95.6 MPH)
Batting: RHB Khalil Walker 0-0: Ball
1-0: Bunt missed!
1-1: Ball
2-1: Bunt missed!
2-2: Fly out, F6 (Line Drive, 6, EV 73.8 MPH)
Batting: LHB Alex Genao Pickoff Throw to First - Error! E1
Isaiah Easter to second
0-0: Ball
Isaiah Easter steals 3rd base (no throw)
1-0: Squeeze Bunt to 2L - play home, runner OUT, batter safe! 1-2
Batting: RHB Adam Turpin 0-0: Ball
1-0: Called Strike
1-1: Ball
2-1: Foul Ball, location: 2F
2-2: Fly out, F8 (Line Drive, 8RD, EV 91.9 MPH)
Bottom of the 7th over - 0 runs, 1 hit, 1 error, 1 left on base; Jackson 1 - Montgomery 2
TOP OF THE 8TH
Jackson Generals batting - Pitching for Montgomery Biscuits : RHP Jaime Astacio
Batting: LHB Chris Jackson 0-0: Ball
1-0: Foul Ball, location: 2F
1-1: Foul Ball, location: 2F
1-2: Strikes out swinging
Batting: LHB Addisu Nyamekye 0-0: Called Strike
0-1: Ball
1-1: Ball
2-1: Fly out, F7 (Flyball, 78M, EV 85.0 MPH)
Batting: RHB Kinzo Yokoyama 0-0: Ball
1-0: Ball
2-0: Called Strike
2-1: Ball
3-1: Base on Balls
Batting: LHB Jason Kinney 0-0: Swinging Strike
0-1: Ball
1-1: Fly out, F7 (Flyball, 78D, EV 98.8 MPH)
Top of the 8th over - 0 runs, 0 hits, 0 errors, 1 left on base; Jackson 1 - Montgomery 2
BOTTOM OF THE 8TH
Montgomery Biscuits batting - Pitching for Jackson Generals : RHP Francisco Castillo
Batting: LHB Mario Ocana 0-0: Called Strike
0-1: Swinging Strike
0-2: Foul Ball, location: 2F
0-2: Ball
1-2: Strikes out swinging
Batting: SHB Wayne Hattan 0-0: Ball
1-0: Ground out 6-3 (Groundball, 6, EV 91.2 MPH)
Batting: RHB Freddy Mullen 0-0: Ball
1-0: Called Strike
1-1: Ball
2-1: Ball
3-1: Base on Balls
Batting: RHB Jason Penfield 0-0: Ball
1-0: Swinging Strike
1-1: Ball
2-1: Foul Ball, location: 2F
2-2: Foul Ball, location: 2F
2-2: Ball
3-2: Foul Ball, location: 2F
3-2: Foul Ball, location: 2F
3-2: Strikes out looking
Bottom of the 8th over - 0 runs, 0 hits, 0 errors, 1 left on base; Jackson 1 - Montgomery 2
TOP OF THE 9TH
Jackson Generals batting - Pitching for Montgomery Biscuits : RHP Jaime Astacio
Pitching: RHP Josh McMahan
Batting: RHB Jose Zuniga 0-0: Called Strike
0-1: Ball
1-1: Called Strike
1-2: Ground out 6-3 (Groundball, 56, EV 88.8 MPH)
Batting: RHB Chris Olheiser 0-0: Ball
1-0: Ball
2-0: Ball
3-0: Called Strike
3-1: Foul Ball, location: 2F
3-2: Fly out, F8 (Flyball, 8RD, EV 78.1 MPH)
Batting: RHB Chris Van Niel 0-0: Called Strike
0-1: Ball
1-1: Foul Ball, location: 2F
1-2: Ground out 4-3 (Groundball, 4M, EV 82.5 MPH)
Top of the 9th over - 0 runs, 0 hits, 0 errors, 0 left on base; Jackson 1 - Montgomery 2
Sunday, July 16th , 2023 - OOTP Baseball 24.6 Build 69